 Dungeon Crawl Stone Soup version 0.24.0-2-g5b39cebb1c (webtiles) character file.

Game seed: 5655540222978128335, levelgen mode: deterministic

1579 Froggeryz the Cudgeler (level 8, -1/43 HPs)
             Began as a Deep Elf Assassin on Oct 31, 2019.
             Slain by an orc
             ... wielding a +0 war axe
              (5 damage)
             ... on level 6 of the Dungeon.
             The game lasted 00:09:15 (5795 turns).

Froggeryz the Cudgeler (Deep Elf Assassin)          Turns: 5795, Time: 00:09:16

Health: -1/43      AC:  6    Str:  8    XL:     8   Next: 60%
Magic:  10/10      EV: 12    Int: 19    God:
Gold:   233        SH:  5    Dex: 16    Spells: 7/7 levels left

rFire    . . .     SeeInvis +   g - +1 whip (elec)
rCold    . . .     Gourm    .   B - +0 buckler
rNeg     + + .     Faith    .   s - +2 robe {rN+}
rPois    .         Spirit   .   D - +0 hat
rElec    .         Reflect  .   c - +0 cloak
rCorr    .         Harm     .   i - +0 pair of gloves
MR       .....                  (no boots)
Stlth    +++.......             w - amulet of rage
HPRegen  0.14/turn              o - ring of see invisible
MPRegen  0.12/turn              t - ring of positive energy

@: slowed, very slow
A: no striking features
a: Evoke Berserk Rage


You were on level 6 of the Dungeon.
You were hungry.

You visited 1 branch of the dungeon, and saw 6 of its levels.

You collected 233 gold pieces.

Inventory:

Hand Weapons
 g - a +1 whip of electrocution (weapon)
 u - a +1 mace of holy wrath
 y - a +1 whip of freezing
Missiles
 d - 12 poisoned darts (quivered)
 e - 2 curare-tipped darts
 C - 7 boomerangs of dispersal
Armour
 c - a +0 cloak (worn)
 i - a +0 pair of gloves (worn)
 q - a +2 ring mail of magic resistance
 s - a +2 robe of positive energy (worn)
 B - a +0 buckler (worn)
 D - a +0 hat (worn)
Jewellery
 o - a ring of see invisible (left hand)
 t - a ring of positive energy (right hand)
 w - an amulet of rage (around neck)
Wands
 a - a wand of acid (6)
Scrolls
 h - 5 scrolls of identify {unknown}
 j - 3 scrolls of remove curse {unknown}
 k - 2 scrolls of blinking {unknown}
 l - a scroll of enchant armour {unknown}
 n - 2 scrolls of teleportation {unknown}
 z - a scroll of fear {unknown}
 A - 2 scrolls of random uselessness {unknown}
Potions
 b - a potion of magic {unknown}
 m - 3 potions of heal wounds {unknown}
 p - 2 potions of haste {unknown}
 r - a potion of ambrosia {unknown}
 v - 3 potions of curing {unknown}
 x - a potion of mutation {unknown}
 E - a potion of might
Comestibles
 f - 9 rations


   Skills:
 - Level 1.5 Fighting
   Level 2.4 Short Blades
 + Level 7.2 Maces & Flails
 - Level 2.0 Throwing
 - Level 1.2 Dodging
 - Level 4.8 Stealth
 * Level 4.0 Shields


You had 7 spell levels left.
You didn't know any spells.
Your spell library was empty.

Dungeon Overview and Level Annotations

Branches:
Dungeon (6/15)
 Temple: D:4-7

Altars:
Ashenzari
Makhleb
Trog
Yredelemnul

Annotations:
D:2 Crazy Yiuf


Message History

The bolt of acid hits the centaur!
The centaur is splashed with acid.
The centaur is severely wounded.
You hear a shout!
The orc wizard mumbles some strange words.
The orc wizard blinks!
The centaur shoots an arrow.
The arrow hits you!
An orc comes into view. It is wielding a +0 whip.
The centaur shoots an arrow.
The arrow hits you!
* * * LOW HITPOINT WARNING * * *
Evoke which item? (* to show all) (? for menu, Esc to quit)
Aiming: Corrosive Bolt
Press: ? - help, Shift-Dir - straight line, f/p - centaur
Aim: a centaur, wielding a +0 shortbow (severely wounded)
The bolt of acid hits the centaur.
The centaur is splashed with acid.
You kill the centaur!
Your Shields skill increases to level 4!
The orc throws a stone.
The stone hits you but does no damage.
The orc wizard casts a spell.
The orc wizard blinks!
The orc hits you but does no damage. The orc hits you with a +0 war axe.
You die...

#.(..........
............
###........o..
##..........o..
#......o.......
.##..............
.....#..)oo.....
....#..o)....#
#..#.(@.ยง...# .
#.#.......##
....##.........#
.......<..#.#..#
.#.....##.#.#.##
#..... ..#.. .
....... ........
.......#.........
.......##... ...


You could see 2 orc wizards and 4 orcs.

Vanquished Creatures
  Pikel (D:4)
  Eustachio (D:5)
  An ogre (D:5)
  A centaur (D:6)
  A bullfrog (D:6)
  A scorpion (D:4)
  2 crimson imps
  A centaur zombie (D:5)
  An orc priest (D:6)
  2 bullfrog skeletons
  A hound (D:4)
  6 orc wizards
  Natasha (thrice) (D:4)
  An iguana (D:5)
  2 hound skeletons
  4 adders (D:2)
  A shadow imp (D:5)
  A white imp (D:4)
  An ooze (D:5)
  An adder zombie (D:6)
  An adder skeleton (D:4)
  A worm (D:3)
  30 orcs
  A ball python (D:4)
  4 giant cockroaches
  7 goblins
  10 hobgoblins
  12 jackals
  5 quokkas
  A bat (D:2)
  3 frilled lizards (D:2)
  11 kobolds
  A leopard gecko skeleton (D:4)
  A leopard gecko zombie (D:5)
  A quokka skeleton (D:5)
  A quokka zombie (D:5)
  10 rats
133 creatures vanquished.

Vanquished Creatures (others)
  An ogre (D:4)
  A worker ant (D:4)
2 creatures vanquished.

Grand Total: 135 creatures vanquished

Notes
Turn   | Place    | Note
-------+----------+-------------------------------------------
     0 | D:1      | Froggeryz the Deep Elf Assassin began the quest for the
                  | Orb.
     0 | D:1      | Reached XP level 1. HP: 12/12 MP: 3/3
   188 | D:1      | Reached XP level 2. HP: 13/16 MP: 4/4
   421 | D:1      | Reached skill level 1 in Maces & Flails
  1009 | D:2      | Reached XP level 3. HP: 18/20 MP: 5/5
  1102 | D:2      | Reached skill level 2 in Maces & Flails
  1454 | D:2      | Found a burning altar of Makhleb.
  1455 | D:2      | Found a bloodstained altar of Trog.
  1455 | D:2      | Found a basalt altar of Yredelemnul.
  1490 | D:2      | Reached XP level 4. HP: 15/25 MP: 6/6
  1828 | D:2      | Found a runed translucent door.
  1829 | D:2      | Noticed Crazy Yiuf
  2198 | D:3      | Reached skill level 3 in Maces & Flails
  2405 | D:3      | Reached XP level 5. HP: 26/29 MP: 7/7
  2542 | D:3      | Reached skill level 4 in Maces & Flails
  3066 | D:4      | Reached XP level 6. HP: 32/34 MP: 8/8
  3083 | D:4      | Noticed Natasha
  3094 | D:4      | Killed Natasha
  3101 | D:4      | Noticed a slave
  3132 | D:4      | Noticed a slave
  3135 | D:4      | Noticed a slave
  3176 | D:4      | Noticed Natasha
  3189 | D:4      | Killed Natasha
  3236 | D:4      | Noticed Pikel
  3276 | D:4      | Killed Pikel
  3276 | D:4      | Reached skill level 6 in Maces & Flails
  3276 | D:4      | Reached XP level 7. HP: 27/38 MP: 9/9
  3364 | D:4      | Noticed Natasha
  3369 | D:4      | Killed Natasha
  3582 | D:4      | Found a shattered altar of Ashenzari.
  3674 | D:4      | Reached skill level 1 in Shields
  4119 | D:5      | Entered Level 5 of the Dungeon
  4126 | D:5      | Reached XP level 8. HP: 43/43 MP: 10/10
  4238 | D:5      | Noticed Eustachio
  4254 | D:5      | Killed Eustachio
  4700 | D:5      | Reached skill level 7 in Maces & Flails
  5795 | D:6      | Slain by an orc

Levels and vault maps discovered:
D:1:      lemuel_arrival_hallway, layout_loops_ring
D:2:      layout_basic, gammafunk_temple_overflow_claw, uniq_crazy_yiuf_cottage
D:3:      layout_basic, minivault_25
D:4:      layout_basic, nicolae_ashenzari_panopticon, minmay_fire_ice_demons,
          uniq_pikel, uniq_natasha
D:5:      layout_basic, first_ration, grunt_decor_fettered, glass_columns_b,
          uniq_eustachio
D:6:      layout_cave_pools, tgw_sif, kennysheep_mini_moat, serial_shops, shop

Skill      XL: |  1  2  3  4  5  6  7  8 |
---------------+-------------------------+-----
Maces & Flails | 1 2 3 4 6 7 |  7.2
Shields        | 1 4 |  4.0
Fighting       | |  1.5
Short Blades   | |  2.4
Throwing       | |  2.0
Dodging        | |  1.2
Stealth        | |  4.8

Action                   |  1- 3 |  4- 6 |  7- 9 || total
-------------------------+-------+-------+-------++-------
Melee: Dagger            |     9 |       |       ||     9
       Whip              |    86 |   168 |   137 ||   391
Throw: Dart              |       |     5 |    17 ||    22
Evoke: Wand              |       |       |     2 ||     2
 Stab: Sleeping          |     8 |     4 |     7 ||    19
  Eat: Chunk             |     2 |     6 |     7 ||    15
Armor: Robe              |    17 |    26 |    35 ||    78
       Ring mail         |       |    19 |       ||    19
Dodge: Dodged            |    47 |    93 |    69 ||   209
Block: Buckler           |       |       |    25 ||    25
